 Dungeon Crawl Stone Soup version 0.23.0 (console) character file.

Game seed: 8102069618396646068

14401 mys the Cleaver (level 11, -6/138 HPs)
             Began as a Centaur Warper on Feb 15, 2019.
             Was the Champion of Okawaru.
             Mangled by a skeletal warrior
             ... wielding a +0 halberd
             ... led by a skeletal warrior
              (12 damage)
             ... on level 13 of the Dungeon.
             The game lasted 00:56:36 (20426 turns).

mys the Cleaver (Centaur Warper)                   Turns: 20426, Time: 00:56:37

Health: -6/138     AC: 15    Str: 22    XL:     11   Next: 88%
Magic:  18/18      EV: 12    Int: 15    God:    Okawaru [******]
Gold:   868        SH:  0    Dex: 10    Spells: 6/20 levels left

rFire    . . .     SeeInvis +   c - +9 broad axe {chop, *Slow rC+ Str+4}
rCold    + . .     Gourm    .   (no shield)
rNeg     + . .     Faith    .   j - +2 robe {Archmagi}
rPois    .         Spirit   .   J - +2 helmet
rElec    .         Reflect  .   I - +2 cloak {MR+}
rCorr    .         Harm     .   y - +2 pair of gloves
MR       +....                  (no barding)
Stlth    ..........             (no amulet)
HPRegen  0.33/turn              u - ring of see invisible
MPRegen  0.16/turn              g - ring of positive energy

@: berserking, slowed, very quick
A: large, hooves 3, deformed body, speed 2, tough skin 3
a: Heroism, Finesse, Renounce Religion


You were on level 13 of the Dungeon.
You worshipped Okawaru.
Okawaru was exalted by your worship.
You were not hungry.

You visited 2 branches of the dungeon, and saw 14 of its levels.

You collected 868 gold pieces.

Inventory:

Hand Weapons
 a - a +0 battleaxe
 c - the +9 broad axe "Gemyfoap" (weapon) {chop, *Slow rC+ Str+4}
   (Okawaru gifted it to you on level 10 of the Dungeon)

   It inflicts extra damage upon your enemies.
   It affects your strength (+4).
   It protects you from cold.
   It may slow you when you take damage.
 H - a +5 broad axe of chopping
Missiles
 e - 3 tomahawks of dispersal
 q - 97 arrows
 C - 4 throwing nets
 O - 6 tomahawks of returning (quivered)
 T - 6 tomahawks
Armour
 h - +0 steam dragon scales
 j - a +2 robe of the Archmagi (worn)
 y - a +2 pair of gloves (worn)
 I - a +2 cloak of magic resistance (worn)
 J - a +2 helmet (worn)
Jewellery
 g - a ring of positive energy (right hand)
 u - a ring of see invisible (left hand)
 v - an uncursed ring of stealth
Wands
 t - a wand of flame (4)
 B - a wand of random effects (6)
 K - a wand of disintegration (12)
 N - a wand of iceblast (3)
Scrolls
 d - 3 scrolls of blinking
 l - a scroll of enchant armour
 o - 2 scrolls of magic mapping
 x - 2 scrolls of fog
 z - 3 scrolls of silence
 A - 3 scrolls of amnesia
 F - 8 scrolls of teleportation
 G - 2 scrolls of immolation
 P - a scroll of fear {unknown}
 Q - a scroll of remove curse
Potions
 i - a potion of might
 k - 3 potions of haste
 m - 3 potions of flight
 n - 2 potions of lignification
 p - 2 potions of curing
 r - 2 potions of resistance
 D - a potion of invisibility {unknown}
 E - a potion of magic {unknown}
 L - 2 potions of ambrosia {unknown}
 M - 4 potions of brilliance
 R - a potion of agility
 S - 2 potions of heal wounds
Miscellaneous
 b - a fan of gales
Comestibles
 f - 24 rations
 w - 14 chunks of flesh


   Skills:
 + Level 7.4 Fighting
   Level 0.1 Short Blades
 + Level 8.2(9.4) Axes
   Level 7.4(9.1) Maces & Flails
 + Level 3.8 Throwing
 + Level 0.7 Armour
 + Level 6.5 Dodging
 - Level 1.0 Stealth
 + Level 5.0 Spellcasting
 + Level 4.3 Charms
 + Level 5.5 Translocations
 + Level 2.4 Evocations


You had 6 spell levels left.
You knew the following spells:

 Your Spells              Type           Power        Failure   Level  Hunger
a - Shroud of Golubria    Chrm/Tloc      ####......   3%          2    ##.....
b - Mephitic Cloud        Conj/Pois/Air  #.......     43%         3    ###....
c - Teleport Other        Tloc           ####....     4%          3    ###....
g - Passage of Golubria   Tloc           N/A          17%         4    ####...
x - Blink                 Tloc           N/A          2%          2    ##.....

Your spell library contained the following spells:

 Spells                   Type           Power        Failure   Level  Hunger
 Gell's Gravitas          Tloc           ####......   4%          3    ###....
 Lesser Beckoning         Tloc           ####......   4%          3    ###....
 Confusing Touch          Hex            #.....       16%         1    None
 Flame Tongue             Conj/Fire      #....        16%         1    None
 Sting                    Conj/Pois      #...         16%         1    None
 Poisonous Vapours        Pois/Air       #.....       24%         2    ##.....
 Throw Flame              Conj/Fire      #.....       24%         2    ##.....
 Confuse                  Hex            #.......     43%         3    ###....
 Conjure Flame            Conj/Fire      #.......     43%         3    ###....
 Inner Flame              Hex/Fire       #.......     43%         3    ###....
 Olgreb's Toxic Radiance  Pois           #.......     85%         4    ####...
 Petrify                  Tmut/Erth      #.......     85%         4    ####...
 Sticky Flame             Conj/Fire      #.......     85%         4    ####...
 Fireball                 Conj/Fire      #.........   99%         5    ######.
 Metabolic Englaciation   Hex/Ice        #.........   99%         5    ######.
 Venom Bolt               Conj/Pois      #.........   99%         5    ######.
 Yara's Violent Unravell  Hex/Tmut       #.........   99%         5    ######.


Dungeon Overview and Level Annotations

Branches:
Dungeon (13/15)            Temple (1/1) D:5            Lair (0/6) D:11
    Orc: D:9-12      Vaults: D:13-14

Altars:
Ashenzari
Cheibriados
Dithmenos
Elyvilon
Fedhas
Gozag
Hepliaklqana
Kikubaaqudgha
Makhleb
Nemelex Xobeh
Okawaru
Qazlal
Ru
Sif Muna
Trog
Uskayaw
Vehumet
Wu Jian
Xom
Yredelemnul
Zin
The Shining One

Shops:
D:4 :   D:7 *   D:8 :[(}(

Annotations:
D:6 3 runed translucent doors, Unholydonuts's ghost, novice DrFE
D:11 exclusion: 2 oklob plants, Erolcha; Gastronok


Innate Abilities, Weirdness & Mutations

You have hooves in place of feet.
Armour fits poorly on your strangely shaped body.
You cover ground very quickly.
You have extremely tough skin. (AC +3)


Message History

The skeletal warrior closely misses you.
The skeletal warrior closely misses you.
A skeletal warrior comes into view. It is wielding a +0 mace.
The skeletal warrior misses you. The centaur warrior skeleton hits you.
The skeletal warrior closely misses you.
The skeletal warrior hits you from afar with a +0 halberd!!
* * * LOW HITPOINT WARNING * * *
The centaur warrior skeleton barely misses you.
The bullfrog skeleton closely misses you.
The skeletal warrior misses you.
Okay, then.
It was a potion of berserk rage.
A red film seems to cover your vision as you go berserk!
You feel yourself moving faster!
You feel mighty! The bullfrog skeleton misses you.
The bullfrog skeleton hits you.
* * * LOW HITPOINT WARNING * * *
The centaur warrior skeleton closely misses you.
The skeletal warrior hits you from afar with a +0 halberd!
You die...

#......#.###.####
###### #.#####.>.#.##
#.# ##.#.## #.# #.###
### ## #.# #.# #.# .#
#.# #.# ##.## #####.###
#.# #.## ##...##
#.......## # #..#
###.#.#.###.........
##.#
#.ZzZz.....Z......# #.#
#.#z#z#.###....### #.#
#z##@Z.## #.Z..# #.# #.
##.## #....# #.# #. #.#
#....# #### #.# #.#
#.######.#.# .... #.#
#.# #..........# .
...####.# #.#
#..#####.### ##
#....#.###z###..# #.#
.# #............# #.#
#..# ###.###.####.# #.#
#.###.#.##.####.#####.#
#....###..z...Z.Z.....#


You could see 4 skeletal warriors, a bullfrog skeleton and a centaur warrior
skeleton.

Vanquished Creatures
  Erica (D:10)
  A two-headed ogre (D:13)
  Pikel (D:8)
  2 manticores
  An ugly thing (D:12)
  Maurice (D:8)
  A gargoyle (D:12)
  A kobold demonologist (D:12)
  A troll (D:10)
  A merfolk (D:9)
  A hornet (D:9)
  A hippogriff (D:10)
  19 yaks
  Sigmund (D:2)
  A wraith (D:13)
  2 wyverns
  Grum (D:10)
  A basilisk (D:13)
  2 hungry ghosts
  Menkaure (D:7)
  A water moccasin (D:6)
  A hornet zombie (D:10)
  A slave (D:8)
  A sky beast (D:13)
  6 orc warriors
  4 phantoms
  2 black bears (D:9)
  2 ice beasts
  5 ogres
  4 wolves
  A necrophage (D:8)
  7 bullfrogs
  A gnoll sergeant (D:6)
  2 big kobolds (D:12)
  3 scorpions
  2 wyvern skeletons (D:11)
  3 killer bees
  A wight (D:10)
  4 crimson imps
  2 centaur zombies
  A quasit (D:8)
  2 bullfrog zombies
  5 hounds
  A bullfrog skeleton (D:10)
  4 jellies
  2 orc priests (D:12)
  A centaur skeleton (D:9)
  Jessica (D:4)
  6 gnoll shamans
  5 iguanas
  15 orc wizards
  12 worker ants
  3 hound skeletons
  2 howler monkey skeletons
  23 gnolls
  21 adders
  A shadow imp (D:5)
  8 oozes
  2 worms (D:3)
  2 dart slugs
  10 leopard geckos
  31 orcs
  A ball python (D:5)
  11 bats
  2 giant cockroaches
  8 goblins
  4 hobgoblins
  13 jackals
  6 quokkas
  4 frilled lizards
  18 kobolds
  A leopard gecko zombie (D:5)
  A quokka zombie (D:6)
  12 rats
  A spectral orc (D:2)
334 creatures vanquished.

Vanquished Creatures (others)
  A slave (D:8)
  2 fungi (D:2)
  3 plants
  8 toadstools (D:2)
14 creatures vanquished.

Grand Total: 348 creatures vanquished

Notes
Turn   | Place    | Note
-------+----------+-------------------------------------------
     0 | D:1      | mys the Centaur Warper began the quest for the Orb.
     0 | D:1      | Reached XP level 1. HP: 17/17 MP: 3/3
    92 | D:1      | Reached XP level 2. HP: 19/25 MP: 4/4
   399 | D:1      | Learned a level 2 spell: Shroud of Golubria
   402 | D:1      | Learned a level 2 spell: Blink
   905 | D:2      | Reached XP level 3. HP: 30/30 MP: 5/5
  2036 | D:2      | Reached XP level 4. HP: 31/37 MP: 4/7
  2056 | D:2      | Reached XP level 5. HP: 4/45 MP: 6/8
  2375 | D:2      | Noticed Sigmund
  2868 | D:3      | Reached skill level 1 in Axes
  4023 | D:2      | Found a basalt altar of Yredelemnul.
  4140 | D:4      | Reached XP level 6. HP: 50/51 MP: 9/9
  4146 | D:4      | Learned a level 4 spell: Passage of Golubria
  4179 | D:4      | Reached skill level 2 in Axes
  4652 | D:4      | Reached skill level 3 in Axes
  5170 | D:4      | Reached skill level 1 in Charms
  5170 | D:4      | Reached XP level 7. HP: 28/58 MP: 10/10
  5338 | D:4      | Noticed Jessica
  5380 | D:4      | Killed Jessica
  5384 | D:4      | Found a deep blue altar of Sif Muna.
  5414 | D:5      | Entered Level 5 of the Dungeon
  5537 | D:4      | Found an iron altar of Okawaru.
  5554 | D:4      | Became a worshipper of Warmaster Okawaru
  5654 | D:4      | Found Canujo's Book Shop.
  5863 | D:5      | Found a staircase to the Ecumenical Temple.
  5945 | D:5      | Reached skill level 4 in Axes
  5964 | Temple   | Entered the Ecumenical Temple
  7367 | D:6      | Got a twisted spear
  7368 | D:6      | Identified the cursed +0 spear of Cocytus {elec, +Rage
                  | +Inv} (You found it on level 6 of the Dungeon)
  7381 | D:6      | Got a bone dagger
  7382 | D:6      | Identified the +8 dagger of Zepraolo {holy, +Fly rElec
                  | Dex+3} (You found it on level 6 of the Dungeon)
  7509 | D:6      | Reached * piety under Okawaru
  7509 | D:6      | Reached XP level 8. HP: 52/66 MP: 11/11
  7619 | D:6      | Found a sparkling altar of Nemelex Xobeh.
  7852 | D:6      | Found a runed translucent gate.
  7852 | D:6      | Found a runed translucent gate.
  7852 | D:6      | Found a runed translucent gate.
  7891 | D:6      | Reached skill level 5 in Axes
  7918 | D:6      | Learned a level 3 spell: Teleport Other
  7964 | D:6      | Noticed Unholydonuts's ghost (novice DrFE)
  7965 | D:6      | Noticed a kobold demonologist
  7966 | D:6      | Identified the +11 short sword "Jellybane" {venom, MR+}
  8005 | D:6      | Found a burning altar of Makhleb.
  8079 | D:7      | Noticed Menkaure
  8083 | D:7      | Killed Menkaure
  8083 | D:7      | Reached skill level 1 in Stealth
  8441 | D:2      | Killed Sigmund
  8441 | D:2      | Reached ** piety under Okawaru
  8569 | D:7      | Found Zin's Purification Station.
  8571 | D:7      | Found a glowing silver altar of Zin.
  9425 | D:8      | Noticed Pikel
  9551 | D:8      | Found Lucad's Book Shop.
  9692 | D:8      | Reached XP level 9. HP: 68/72 MP: 10/13
  9970 | D:8      | Found a shattered altar of Ashenzari.
 10005 | D:8      | Noticed Maurice
 10596 | D:8      | Killed Pikel
 10596 | D:8      | Reached *** piety under Okawaru
 10596 | D:8      | Reached skill level 5 in Fighting
 10596 | D:8      | Reached skill level 5 in Maces & Flails
 10664 | D:8      | Found Fane's Gadget Emporium.
 10667 | D:8      | Found Riosurec's Antique Weapon Emporium.
 11056 | D:8      | Found Xegaopsu's Armour Shop.
 11602 | D:8      | Killed Maurice
 11602 | D:8      | Reached **** piety under Okawaru
 11767 | D:8      | Found a sacrificial altar of Ru.
 11769 | D:8      | Found a shimmering altar of Xom.
 11917 | D:8      | Found Aguugg's Weapon Emporium.
 13576 | D:9      | Paralysed by a hornet for 3 turns
 13582 | D:9      | Paralysed by a hornet for 1 turns
 13585 | D:9      | Paralysed by a hornet for 1 turns
 14036 | D:9      | Learned a level 3 spell: Mephitic Cloud
 14108 | D:9      | Reached XP level 10. HP: 77/81 MP: 13/16
 15085 | D:9      | Found a blossoming altar of Fedhas.
 15215 | D:10     | Entered Level 10 of the Dungeon
 15227 | D:9      | Reached ***** piety under Okawaru
 15810 | D:10     | Noticed Erica
 16045 | D:10     | Reached skill level 5 in Dodging
 16499 | D:10     | Noticed Grum
 16542 | D:10     | Killed Grum
 16550 | D:10     | Reached skill level 5 in Translocations
 17098 | D:10     | Reached skill level 1 in Evocations
 17360 | D:10     | Killed Erica
 17360 | D:10     | Received a gift from Okawaru
 17360 | D:10     | Reached XP level 11. HP: 52/91 MP: 15/17
 17361 | D:10     | Got a jewelled broad axe {god gift}
 17362 | D:10     | Identified the +9 broad axe "Gemyfoap" {chop, *Slow rC+
                  | Str+4} (Okawaru gifted it to you on level 10 of the
                  | Dungeon)
 17385 | D:11     | Noticed Erolcha
 17388 | D:11     | Noticed Gastronok
 17909 | D:11     | Noticed an oklob plant
 17957 | D:11     | Found a staircase to the Lair.
 17957 | D:11     | Noticed an oklob plant
 17985 | D:11     | Got a jet-encrusted plate armour
 17996 | D:11     | Identified the cursed +1 plate armour of Curiosity {rPois
                  | Int-3 Dex+5 SInv} (You found it on level 11 of the Dungeon)
 18266 | D:12     | Reached ****** piety under Okawaru
 18474 | D:12     | Reached skill level 6 in Axes
 18564 | D:12     | Noticed a red ugly thing
 18588 | D:12     | Killed a red ugly thing
 18959 | D:12     | Noticed a sun demon
 19226 | D:12     | Noticed a six-headed hydra
 19482 | D:13     | Reached skill level 7 in Axes
 19913 | D:13     | Received a gift from Okawaru
 20000 | D:13     | Reached skill level 5 in Spellcasting
 20330 | D:13     | Noticed a two-headed ogre
 20339 | D:13     | Killed a two-headed ogre
 20339 | D:13     | Reached skill level 8 in Axes
 20365 | D:13     | Noticed a deep elf mage
 20387 | D:13     | Noticed a skeletal warrior
 20416 | D:13     | Noticed a skeletal warrior
 20417 | D:13     | Noticed a skeletal warrior
 20423 | D:13     | Noticed a skeletal warrior
 20426 | D:13     | HP: 6/138 [bullfrog skeleton (2)]
 20426 | D:13     | Mangled by a skeletal warrior

Skill      XL: |  1  2  3  4  5  6  7  8  9 10 11 |
---------------+----------------------------------+-----
Maces & Flails | 2 3 4 6 7 |  7.4
Spellcasting   | 2 3 4 5 |  5.0
Translocations | 3 4 5 |  5.5
Fighting       | 3 4 5 6 7 |  7.4
Dodging        | 2 3 4 6 |  6.5
Axes           | 1 3 4 5 8 |  8.2
Charms         | 1 2 3 4 |  4.3
Stealth        | 1 |  1.0
Throwing       | 3 |  3.8
Evocations     | 1 2 |  2.4
Short Blades   | |  0.1
Armour         | |  0.7

Action                   |  1- 3 |  4- 6 |  7- 9 | 10-12 || total
-------------------------+-------+-------+-------+-------++-------
Melee: Mace              |   125 |    48 |       |       ||   173
       Kick              |    18 |    43 |   106 |   135 ||   302
       Hand axe          |       |   200 |   121 |       ||   321
       Dagger            |       |       |    21 |       ||    21
       Whip              |       |       |   433 |   381 ||   814
       Broad axe         |       |       |       |   206 ||   206
Throw: Tomahawk          |     1 |     1 |    45 |    11 ||    58
       Throwing net      |       |       |     1 |     1 ||     2
 Cast: Shroud of Golubri |     4 |    10 |    52 |    37 ||   103
       Blink             |     1 |       |     2 |     7 ||    10
       Passage of Golubr |       |       |     1 |       ||     1
       Teleport Other    |       |       |     1 |       ||     1
Evoke: Wand              |       |       |       |    32 ||    32
       Fan of gales      |       |       |       |     1 ||     1
  Use: Scroll            |       |     3 |    12 |    10 ||    25
       Potion            |       |       |     6 |     3 ||     9
 Stab: Confused          |       |       |       |     2 ||     2
       Sleeping          |       |       |       |     1 ||     1
  Eat: Ration            |     1 |       |       |       ||     1
       Chunk             |       |     9 |    32 |    21 ||    62
Armor: Leather armour    |     9 |       |       |       ||     9
       Robe              |    63 |   120 |   199 |   192 ||   574
Dodge: Dodged            |    89 |   129 |   274 |   257 ||   749
